 Dungeon Crawl Stone Soup version 0.17-a0-1368-g6ab37f2 (webtiles) character file.

89 wvc the Bolt Thrower (level 4, 0/37 HPs)
             Began as a Draconian Wanderer on June 12, 2015.
             Slain by an iguana (9 damage)
             ... on level 4 of the Dungeon.
             The game lasted 00:05:37 (2097 turns).

wvc the Bolt Thrower (Draconian Wanderer)           Turns: 2097, Time: 00:05:37

Health: 0/37       AC:  7    Str: 12    XL:     4   Next: 31%
Magic:  4/4        EV: 10    Int: 15    God:
Gold:   162        SH:  7    Dex: 11    Spells: 0 memorised, 3 levels left

rFire  + . .     SeeInvis .     i - +2 dagger (elec)
rCold  . . .     Clarity  .     (armour unavailable)
rNeg   . . .     SustAt   .     a - +0 shield
rPois  .         Gourm    .     (helmet restricted)
rElec  .         Spirit   .     (no cloak)
rCorr  .         Warding  .     (no gloves)
rMut   .         Stasis   .     (no boots)
MR     .....                    j - amulet of rage
Stlth  +.........               o - ring of protection from fire
                                k - +2 ring of protection

@: not resistant to hostile enchantments, very unstealthy
A: unfitting armour, cold-blooded, AC +5
a: Evoke Berserk Rage


You were on level 4 of the Dungeon.
You were not hungry.

You visited 1 branch of the dungeon, and saw 4 of its levels.

You collected 162 gold pieces.

Inventory:

Hand weapons
 b - a +0 hand crossbow
 g - a +0 spear
 i - a +2 dagger of electrocution (weapon)
 u - a +2 dagger of protection
Missiles
 c - 35 bolts
 l - 7 curare-tipped needles
 q - 8 poisoned needles
 s - 7 tomahawks (quivered)
Armour
 a - a +0 shield (worn)
Jewellery
 j - an amulet of rage (around neck)
 k - a +2 ring of protection (left hand)
 o - a ring of protection from fire (right hand)
Scrolls
 h - 2 scrolls of remove curse
Potions
 d - 2 potions of curing
 f - a potion of ambrosia
 m - a potion of cure mutation {unknown}
 v - a potion of lignification {unknown}
Comestibles
 e - a bread ration
 n - a royal jelly
 p - 2 chunks of flesh
 t - 2 meat rations


   Skills:
 + Level 2.4 Fighting
   Level 2.0(2.3) Axes
 * Level 1.9(2.3) Polearms
 - Level 3.6 Crossbows
 + Level 2.3 Dodging
 - Level 1.0 Stealth
 + Level 2.0 Shields


You had 3 spell levels left.
You didn't know any spells.

Dungeon Overview and Level Annotations

Branches:
Dungeon (4/15)
 Temple: D:4-7

Altars:


Innate Abilities, Weirdness & Mutations

Your plain brown scales are hard (AC +5).
Your body does not fit into most forms of armour.
You are cold-blooded and may be slowed by cold attacks.


Message History

You block the iguana's attack.
You hit the iguana.
The iguana is severely wounded.
The iguana bites you!
Your shield prevents you from hitting the iguana.
The iguana is severely wounded.
The iguana bites you!
* * * LOW HITPOINT WARNING * * *
You are too injured to fight recklessly!
You are too injured to fight recklessly!
You hit the iguana but do no damage.
The iguana is severely wounded.
The iguana barely misses you.
You hit the iguana.
The iguana is almost dead.
You block the iguana's attack. The iguana barely misses you.
You hit the iguana but do no damage.
The iguana is almost dead.
The hobgoblin closely misses you. The iguana bites you!
You die...

#.........
#.....#####
#.<[.......
#..#.#####.
#####..#.#
#......#.#
###......#.#
#.........#..
#.##[...@.###
........gl..#
...........#
#.###.......##
#. ##.......#
............#
###.###...#....
#. ##.##.#.#..
#. ... . ..


You could see an iguana and a hobgoblin.

Vanquished Creatures
  An orc wizard (D:4)
  An adder (D:2)
  A worm (D:3)
  4 orcs (D:3)
  2 giant cockroaches
  5 hobgoblins
  7 jackals
  2 ball pythons
  5 bats
  A giant gecko (D:2)
  2 giant newts (D:1)
  7 goblins
  6 kobolds
  4 rats
48 creatures vanquished.

Notes
Turn   | Place    | Note
--------------------------------------------------------------
     0 | D:1      | wvc the Draconian Wanderer began the quest for the Orb.
     0 | D:1      | wvc set off with: a +0 shield, a +0 hand crossbow, 24 bolts, a potion of curing, a bread ration
     0 | D:1      | Reached XP level 1. HP: 17/17 MP: 1/1
   140 | D:1      | Reached skill level 1 in Dodging
   306 | D:1      | Reached XP level 2. HP: 19/24 MP: 2/2
   769 | D:2      | Reached skill level 1 in Polearms
   950 | D:2      | Reached XP level 3. HP: 30/30 MP: 3/3
  1441 | D:3      | Reached XP level 4. HP: 27/37 MP: 4/4
  2097 | D:4      | Slain by an iguana

Vault maps used:
D:1:      dpeg_arrival_renting, columned_hall_lemuel, minmay_misc_feat_roman,
          minmay_misc_feat_chi, serial_park_tiny_pond,
          corexii_item_surrounded_by_moat
D:4:      lemuel_crystal_altar

Action                   |  1- 3 |  4- 6 || total
-------------------------+-------+-------++-------
Melee: Dagger            |    74 |    41 ||   115
       Spear             |    10 |       ||    10
 Fire: Hand crossbow     |    22 |       ||    22
  Use: Potion            |     2 |       ||     2
       Scroll            |       |     7 ||     7
 Stab: Sleeping          |     1 |       ||     1
  Eat: Beef jerky        |     1 |       ||     1
       Chunk             |       |     2 ||     2
